 Dungeon Crawl Stone Soup version 0.28-a0-580-ga2639ab843 (webtiles) character file.

Game seed: 16304572031834191657

263 Heedrag the Conjurer (level 5, -4/41 HPs)
             Began as a Draconian Conjurer on Oct 3, 2021.
             Slain by a gnoll sergeant (6 damage)
             ... on level 3 of the Dungeon.
             The game lasted 00:08:45 (4601 turns).

Heedrag the Conjurer (Draconian Conjurer)           Turns: 4601, Time: 00:08:45

Health: -4/41      AC:  6    Str:  9    XL:     5   Next: 97%
Magic:  2/9        EV: 12    Int: 19    God:
Gold:   187        SH:  0    Dex: 10    Spells: 2/9 levels left

rFire   . . .      SeeInvis .   (no weapon)
rCold   . . .      Faith    .   (no shield)
rNeg    . . .      Spirit   .   (armour unavailable)
rPois   .          Reflect  .   (helmet restricted)
rElec   .          Harm     .   h - scarf {repulsion}
rCorr   .          Rampage  .   (no gloves)
Will    .....                   b - +0 pair of boots
Stlth   ++........              (no amulet)
HPRegen 0.13/turn               (no ring)
MPRegen 0.11/turn               (no ring)

@: repel missiles
A: AC +5, unfitting armour, cold-blooded
a: no special abilities


You were on level 3 of the Dungeon.
You visited 1 branch of the dungeon, and saw 4 of its levels.

You collected 187 gold pieces.

Inventory:

Missiles
 a - 13 poisoned darts
Armour
 b - a +0 pair of boots (worn)
   (You found it on level 1 of the Dungeon)
 h - a scarf of repulsion (worn)
   (You found it on level 3 of the Dungeon)
Jewellery
 g - an amulet of guardian spirit
   (You found it on level 2 of the Dungeon)
Scrolls
 d - 2 scrolls of identify {unknown}
 i - a scroll of vulnerability {unknown}
 k - a scroll of noise {unknown}
Potions
 c - a potion of lignification {unknown}
 e - a potion of degeneration {unknown}
 f - a potion of might {unknown}
 j - a potion of cancellation {unknown}


   Skills:
 + Level 1.8 Fighting
 - Level 2.0 Throwing
 + Level 2.6 Dodging
 + Level 2.7 Stealth
 + Level 2.7 Spellcasting
 * Level 5.1 Conjurations
 + Level 0.8 Hexes


You had 2 spell levels left.
You knew the following spells:

 Your Spells              Type           Power      Damage    Failure   Level
a - Magic Dart            Conj           88%        1d7       1%          1
s - Searing Ray           Conj           44%        2d6       3%          2
z - Fulminant Prism       Conj/Hex       6%         3d7       43%         4

Your spell library contained the following spells:

 Spells                   Type           Power      Damage    Failure   Level
 Blink                    Tloc           N/A        N/A       24%         2
 Call Imp                 Summ           2%         N/A       24%         2
 Dazzling Flash           Conj/Hex       26%        N/A       14%         3
 Mephitic Cloud           Conj/Pois/Air  9%         N/A       24%         3
 Lesser Beckoning         Tloc           2%         N/A       43%         3
 Iskenderun's Mystic Bla  Conj/Tloc      12%        2d5       50%         4
 Manifold Assault         Tloc           2%         N/A       99%         5


Dungeon Overview and Level Annotations

Branches:
Dungeon (4/15)
 Temple: D:4-7

Altars:
Nemelex Xobeh
The Shining One

Shops:
D:3 ?   D:4 *


Innate Abilities, Weirdness & Mutations

Your plain brown scales are hard. (AC +5)
You cannot fit into any form of body armour.
You are cold-blooded and may be slowed by cold attacks.


Message History

The searing ray misses the gnoll sergeant.
The searing ray hits the gnoll!
You kill the gnoll!
The gnoll sergeant barely misses you.
The searing ray hits the gnoll sergeant but does no damage.
You finish channelling your searing ray.
The gnoll sergeant hits you from afar with a +0 spear!
Aim: a gnoll sergeant, wielding a +0 spear and wearing a +0 scale mail (lightly wounded, 84% to hit)
The searing ray hits the gnoll sergeant but does no damage. (Press . to maintain the ray.)
The gnoll sergeant completely misses you.
The searing ray hits the gnoll sergeant!
The gnoll sergeant hits you from afar with a +0 spear!
* * * LOW HITPOINT WARNING * * *
The gnoll sergeant hits you from afar with a +0 spear.
* * * LOW HITPOINT WARNING * * *
You climb upwards.
There is a stone staircase leading down here.
You start resting.
You start resting.
You climb downwards.
The gnoll sergeant hits you but does no damage.
There is a stone staircase leading up, spattered with blood here.
The gnoll sergeant hits you with a +0 spear!
The gnoll hits you from afar with a +0 halberd!
You climb upwards.
There is a stone staircase leading down here.
Aim: a gnoll sergeant, wielding a +0 spear and wearing a +0 scale mail (84% to hit)
The searing ray hits the gnoll sergeant. (Press . to maintain the ray.)
The gnoll sergeant hits you but does no damage.
The searing ray hits the gnoll sergeant but does no damage.
The gnoll sergeant barely misses you.
The searing ray hits the gnoll sergeant.
The gnoll sergeant hits you with a +0 spear!
* * * LOW HITPOINT WARNING * * *
The searing ray hits the gnoll sergeant but does no damage.
You finish channelling your searing ray.
The gnoll sergeant hits you with a +0 spear.
* * * LOW HITPOINT WARNING * * *
Aim: a gnoll sergeant, wielding a +0 spear and wearing a +0 scale mail (moderately wounded, 84% to hit)
The searing ray hits the gnoll sergeant but does no damage. (Press . to maintain the ray.)
The gnoll sergeant hits you but does no damage.
The searing ray hits the gnoll sergeant but does no damage.
The gnoll sergeant hits you with a +0 spear!
* * * LOW HITPOINT WARNING * * *
The gnoll sergeant misses you.
The gnoll sergeant hits you from afar with a +0 spear.
You die...

####### ######
##.....###....#
##.......##.##'##########
#.........@.#...........###
#.........###...........'.#
#........g# #..♣♣♣♣♣♣♣♣.#.#
#.........# #..♣........#.#
#......>..# #..♣.♣♣♣♣♣..#.#
##.......####..♣.♣...♣..#..
#...........#..♣.♣♣♣.♣..#..
#.........###..♣.♣♣♣.♣..###
#.........###..♣.....♣..###


You could see a gnoll sergeant.

Vanquished Creatures
  A hound (D:3)
  Jessica (D:3)
  Robin (D:2)
  5 gnolls (D:4)
  A howler monkey skeleton (D:4)
  4 adders
  2 dart slugs
  13 orcs
  5 ball pythons
  4 bats
  7 endoplasms
  3 giant cockroaches
  11 goblins
  4 hobgoblins
  9 kobolds
  8 quokkas
  5 rats
84 creatures vanquished.

Notes
Turn   | Place    | Note
-------+----------+-------------------------------------------
     0 | D:1      | Heedrag the Draconian Conjurer began the quest for the Orb.
     0 | D:1      | Reached XP level 1. HP: 14/14 MP: 3/3
   395 | D:1      | Reached XP level 2. HP: 22/22 MP: 0/5
  1014 | D:1      | Learned a level 2 spell: Searing Ray
  1311 | D:2      | Reached skill level 1 in Fighting
  1312 | D:2      | Reached XP level 3. HP: 28/28 MP: 0/6
  1926 | D:2      | Noticed Robin
  1941 | D:2      | Reached skill level 1 in Throwing
  1946 | D:2      | Killed Robin
  1947 | D:2      | Reached XP level 4. HP: 35/35 MP: 2/7
  2108 | D:2      | Found a faded altar of an unknown god.
  2421 | D:3      | Noticed Jessica
  2446 | D:3      | Killed Jessica
  2729 | D:3      | Found Qum Oraeda's Magic Scroll Shop.
  3060 | D:3      | Reached XP level 5. HP: 40/40 MP: 6/8
  3065 | D:3      | Learned a level 4 spell: Fulminant Prism
  3455 | D:3      | Found a glowing golden altar of the Shining One.
  3456 | D:3      | Found a sparkling altar of Nemelex Xobeh.
  3951 | D:4      | Found Reitsicar's General Store.
  3975 | D:4      | Reached skill level 5 in Conjurations
  4597 | D:3      | HP: 2/41 [gnoll sergeant (8)]
  4601 | D:3      | Slain by a gnoll sergeant

Illustrated notes

Levels and vault maps discovered:
D:1:      scummos_arrival_gate, layout_basic, chequers_avenue
D:2:      layout_basic, dreamdust_ecumenical_altar_grove, uniq_robin
D:3:      layout_rooms, mainiacjoe_overflow_divided_tiny, serial_shops, shop,
          kennysheep_small_spiral, uniq_jessica
D:4:      layout_cave_pools, serial_shops, shop_fountains,
          kennysheep_little_box, shop, nicolae_shop_statue_plus

Skill      XL: |  1  2  3  4  5 |
---------------+----------------+-----
Stealth        | 2 |  2.7
Dodging        | 2 |  2.6
Fighting       | 1 |  1.8
Throwing       | 1 2 |  2.0
Conjurations   | 5 |  5.1
Spellcasting   | |  2.7
Hexes          | |  0.8

Action                   |  1- 3 |  4- 6 || total
-------------------------+-------+-------++-------
Melee: Unarmed           |    20 |    30 ||    50
       Tailslap          |       |     2 ||     2
Throw: Dart              |    24 |     3 ||    27
 Cast: Magic Dart        |    70 |   109 ||   179
       Searing Ray       |     1 |     9 ||    10
Armor: Skin              |     8 |    18 ||    26
Dodge: Dodged            |    29 |    57 ||    86

Table legend: (Time is in decaauts)
 A = Elapsed time spent in this place.
 B = Non-inter-level travel time spent in this place.
 C = Inter-level travel time spent in this place.
 D = Time resting spent in this place.
 E = Time spent auto-exploring this place.
 F = Levels seen in this place.
 G = Mean time per level.
                   A        B        C        D        E       F      G
               +--------+--------+--------+--------+--------+-----+--------+
         Total |   4611 |   4462 |    149 |    757 |   2986 |   4 | 1152.8 |
       Dungeon |   4611 |   4462 |    149 |    757 |   2986 |   4 | 1152.8 |
               +--------+--------+--------+--------+--------+-----+--------+

Top non-repeatable levels by time:
     D:3: 1823 daAuts
     D:2: 1270 daAuts
     D:1: 1067 daAuts
     D:4: 449 daAuts
